 Dungeon Crawl Stone Soup version 0.18.1-50-g88ac8fd (webtiles) character file.

137 Amnesiac the Cutter (level 5, -6/41 HPs)
             Began as a Merfolk Fighter on Mar 3, 2018.
             Mangled by a killer bee zombie (8 damage)
             ... on level 5 of the Dungeon.
             The game lasted 00:03:04 (1443 turns).

Amnesiac the Cutter (Merfolk Fighter)               Turns: 1443, Time: 00:03:05

Health: -6/41      AC:  2    Str: 14 (17) XL:     5   Next: 20%
Magic:  5/5        EV: 11    Int:  7 (8)  God:
Gold:   78         SH:  4    Dex: 10 (13) Spells: 0 memorised, 4 levels left

rFire  . . .     SeeInvis .     a - +0 rapier
rCold  x . .     Gourm    .     l - +0 robe (curse)
rNeg   . . .     Faith    .     j - +0 buckler of Failure {rPois rC- rCorr Stlth+} (curse)
rPois  +         Spirit   .     (no helmet)
rElec  .         Dismiss  .     (no cloak)
rCorr  +         Reflect  .     (no gloves)
SustAt .         Harm     .     (no boots)
MR     .....                    i - amulet of rage
Stlth  +++.......               (no ring)
                                (no ring)

@: not resistant to hostile enchantments, fairly stealthy
A: change form in water, swift swim
a: Evoke Berserk Rage


You were on level 5 of the Dungeon.
You were not hungry.

You visited 1 branch of the dungeon, and saw 5 of its levels.

You collected 78 gold pieces.

Inventory:

Hand Weapons
 a - a +0 rapier (weapon)
Armour
 b - a +0 scale mail
 c - a +0 shield
 j - the cursed +0 buckler of Failure (worn) {rPois rC- rCorr Stlth+}
   (You found it on level 4 of the Dungeon)

   It makes you vulnerable to cold.
   It protects you from poison.
   It protects you from acid and corrosion.
   It makes you more stealthy.
   It has a curse placed upon it.
 l - a cursed +0 robe (worn)
Jewellery
 i - an amulet of rage (around neck)
Scrolls
 g - 2 scrolls of identify {!r, unknown}
 k - a scroll of amnesia {!r, unknown}
 m - 2 scrolls of teleportation {!r, unknown}
Potions
 e - 2 potions of degeneration {!q}
Comestibles
 f - 3 bread rations


   Skills:
 - Level 3.2 Fighting
 - Level 6.0 Short Blades
 - Level 2.1 Armour
 + Level 1.3 Stealth
 - Level 3.0 Shields


You had 4 spell levels left.
You didn't know any spells.

Dungeon Overview and Level Annotations

Branches:
Dungeon (5/15)
 Temple: D:4-7

Altars:
Okawaru


Message History

You now have 78 gold pieces (gained 3).
A centaur zombie comes into view.
A centaur zombie is nearby!
The helpless centaur zombie fails to defend itself.
You impale the centaur zombie!! The centaur zombie hits you.
You hit the centaur zombie. The centaur zombie misses you.
You hit the centaur zombie. You block the centaur zombie's attack.
You hit the centaur zombie. The centaur zombie hits you.
The centaur zombie closely misses you.
You hit the centaur zombie.
You destroy the centaur zombie!
Your Short Blades skill increases to level 6!
Your Stealth skill increases to level 1!
You have reached level 5!
You feel clever.
HP restored.
Found 25 arrows.
f - 3 bread rations (gained 1)
You hear the slow rusting of a very distant drain.
A killer bee zombie comes into view.
You puncture the killer bee zombie!
The killer bee zombie barely misses you.
You closely miss the killer bee zombie. The killer bee zombie hits you.
The killer bee zombie barely misses you.
You barely miss the killer bee zombie. The killer bee zombie hits you.
You closely miss the killer bee zombie.
You block the killer bee zombie's attack.
The killer bee zombie barely misses you.
You hit the killer bee zombie but do no damage.
The killer bee zombie hits you. x2
You hit the killer bee zombie.
The killer bee zombie barely misses you.
You hit the killer bee zombie. The killer bee zombie hits you.
The killer bee zombie hits you but does no damage.
You barely miss the killer bee zombie. The killer bee zombie hits you.
* * * LOW HITPOINT WARNING * * *
The killer bee zombie hits you!
* * * LOW HITPOINT WARNING * * *
You hit the killer bee zombie but do no damage.
The killer bee zombie hits you.
* * * LOW HITPOINT WARNING * * *
You closely miss the killer bee zombie. The killer bee zombie hits you.
* * * LOW HITPOINT WARNING * * *
The killer bee zombie barely misses you.
You puncture the killer bee zombie! The killer bee zombie misses you.
Drink which item? (? for menu, Esc to quit)
Really quaff
e - 3 smoky brown potions {!q}?
It was a potion of degeneration {!q}.
There was something very wrong with that liquid.
You feel weakened.
You feel dopey.
You feel clumsy.
You block the killer bee zombie's attack.
The killer bee zombie hits you.
* * * LOW HITPOINT WARNING * * *
Drink which item? (? for menu, Esc to quit)
Really quaff
h - a sedimented sapphire potion {!q}?
It was a potion of curing {!q}.
You feel better.
The killer bee zombie closely misses you.
The killer bee zombie hits you!
* * * LOW HITPOINT WARNING * * *
Drink which item? (? for menu, Esc to quit)
Really quaff
n - a fuming purple potion {!q}?
It was a potion of cure mutation {!q}.
It has a very clean taste.
The killer bee zombie hits you!
You die...

#.##.#.# # #.##.#.#
# #+ #.##.#.# # #.
#....#.# # ####.#
#..###.# # ......
#..###.# ##...##
#......#
#.....########.#####
#...@.........#
#..Z###########
....... .......
.####.# #. #. #.


You could see a killer bee zombie.

Vanquished Creatures
  A centaur zombie (D:5)
  An orc priest (D:3)
  A hound skeleton (D:4)
  An adder (D:2)
  A worm (D:3)
  2 giant geckos
  10 orcs
  3 giant cockroaches
  A goblin (D:3)
  3 hobgoblins
  5 jackals
  2 kobolds
  A quokka (D:2)
  3 bats
  A giant gecko skeleton (D:4)
  A giant newt (D:4)
  A rat (D:3)
38 creatures vanquished.

Notes
Turn   | Place    | Note
--------------------------------------------------------------
     0 | D:1      | Amnesiac the Merfolk Fighter began the quest for the Orb.
     0 | D:1      | Reached XP level 1. HP: 18/18 MP: 1/1
    35 | D:1      | Reached skill level 3 in Short Blades
    82 | D:1      | Reached XP level 2. HP: 22/24 MP: 2/2
   199 | D:2      | Found an iron altar of Okawaru.
   203 | D:2      | Reached skill level 4 in Short Blades
   269 | D:2      | Reached XP level 3. HP: 18/29 MP: 3/3
   586 | D:4      | Noticed an orc warrior
   729 | D:3      | Reached skill level 5 in Short Blades
   729 | D:3      | Reached XP level 4. HP: 5/35 MP: 4/4
  1112 | D:4      | Got a fine buckler
  1166 | D:4      | Identified the cursed +0 buckler of Failure {rPois rC- rCorr Stlth+} (You found it on level 4 of the Dungeon)
  1273 | D:4      | Noticed an ogre
  1334 | D:4      | Noticed an ogre
  1359 | D:5      | Entered Level 5 of the Dungeon
  1375 | D:5      | Reached skill level 6 in Short Blades
  1375 | D:5      | Reached skill level 1 in Stealth
  1375 | D:5      | Reached XP level 5. HP: 33/41 MP: 5/5
  1442 | D:5      | HP: 2/41 [killer bee zombie (8)]
  1443 | D:5      | Mangled by a killer bee zombie

Skill      XL: |  1  2  3  4 |
---------------+-------------+-----
Short Blades   | 3 4 5 6 |  6.0
Stealth        | 1 |  1.3
Fighting       | |  3.2
Armour         | |  2.1
Shields        | |  3.0

Action                   |  1- 3 |  4- 6 || total
-------------------------+-------+-------++-------
Melee: Rapier            |   113 |    48 ||   161
  Use: Scroll            |     2 |       ||     2
       Potion            |     1 |     3 ||     4
 Stab: Sleeping          |       |     1 ||     1
  Eat: Chunk             |       |     2 ||     2
Armor: Scale mail        |    31 |    21 ||    52
       Robe              |       |     1 ||     1
Dodge: Dodged            |    22 |    18 ||    40
Block: Shield            |    52 |    10 ||    62
       Buckler           |       |     5 ||     5
